 Dungeon Crawl Stone Soup version 0.17-a0-1378-g281efdd (webtiles) character file.

67 Steifyn the Ducker (level 3, -7/36 HPs)
             Began as a Troll Berserker on June 14, 2015.
             Was a Believer of Trog.
             Killed by divine providence
             ... invoked by an orc priest
              (15 damage)
             ... on level 3 of the Dungeon.
             The game lasted 00:10:11 (637 turns).

Steifyn the Ducker (Troll Berserker)                 Turns: 637, Time: 00:10:11

Health: -7/36      AC:  5    Str: 26    XL:     3   Next: 98%
Magic:  2/2        EV: 10    Int:  3    God:    Trog [**....]
Gold:   56         SH:  0    Dex:  9    Spells: 0 memorised, 2 levels left

rFire  . . .     SeeInvis .     a - +0 mace
rCold  . . .     Clarity  .     b - +0 animal skin
rNeg   . . .     SustAt   .     (no shield)
rPois  .         Gourm    +     (helmet restricted)
rElec  .         Spirit   .     (no cloak)
rCorr  .         Warding  .     (gloves unavailable)
rMut   .         Stasis   .     (boots unavailable)
MR     .....                    (no amulet)
Stlth  +.........               (no ring)
                                (no ring)

@: not resistant to hostile enchantments, very unstealthy
A: unfitting armour, claws 3, fast metabolism 3, gourmand, regeneration 2,
shaggy fur 1, tough skin 2
a: Burn Spellbooks, Berserk, Trog's Hand, Renounce Religion


You were on level 3 of the Dungeon.
You worshipped Trog.
Trog was pleased with you.
You were hungry.

You visited 1 branch of the dungeon, and saw 3 of its levels.

You collected 56 gold pieces.

Inventory:

Hand weapons
 a - a +0 mace (weapon)
 g - a +0 mace
Armour
 b - a +0 animal skin (worn)
 h - a +0 chain mail
Scrolls
 d - a scroll of remove curse {unknown}
 f - a scroll of identify {unknown}
Potions
 e - a potion of haste {unknown}
Comestibles
 c - 2 bread rations


   Skills:
 + Level 2.8 Fighting
 + Level 3.1 Maces & Flails
 + Level 3.4 Dodging


You had 2 spell levels left.
You didn't know any spells.

Dungeon Overview and Level Annotations

Branches:
Dungeon (3/15)

Altars:
Qazlal
Sif Muna


Innate Abilities, Weirdness & Mutations

You are too large for most types of armour.
You have claws for hands.
Your metabolism is lightning-fast.
You like to eat raw meat.
You heal very quickly.
You are covered in fur (AC +1).
You have very tough skin (AC +2).


Message History

The orc priest is lightly wounded.
The orc priest barely misses you. The orc priest hits you.
You hit the orc priest.
The orc priest is moderately wounded.
The orc priest hits you but does no damage.
You closely miss the orc priest.
The orc priest is moderately wounded.
The orc priest hits you.
* * * LOW HITPOINT WARNING * * *
You closely miss the orc priest.
The orc priest is moderately wounded.
The orc priest hits you.
* * * LOW HITPOINT WARNING * * *
You hit the orc priest.
The orc priest is heavily wounded.
The orc priest's eyes start to glow.
The orc priest barely misses you.
The orc priest mumbles some strange prayers to Beogh against you.
Something smites you!
You die...

#. ##.####
......#######################
.......(.............>.......
##....##########.############
......# #.# ......# #.#
......# #.# ####.####### #@#
............ #.# #####.######
#.# .# #o# .. #o# #.# #.# ..
#o# .## #Z# .# #.#


You could see an orc priest, 2 orcs and an adder skeleton.

Vanquished Creatures
  3 adders (D:2)
  A worm (D:2)
  2 orcs (D:3)
  3 giant cockroaches (D:2)
  2 goblins (D:2)
  4 hobgoblins (D:2)
  4 jackals (D:2)
  3 kobolds (D:2)
  A bat (D:2)
  2 giant geckos (D:2)
  2 giant newts
  A quokka (D:2)
  5 rats
33 creatures vanquished.

Notes
Turn   | Place    | Note
--------------------------------------------------------------
     0 | D:1      | Steifyn the Troll Berserker began the quest for the Orb.
     0 | D:1      | Reached XP level 1. HP: 22/22 MP: 0/0
   117 | D:2      | Reached XP level 2. HP: 26/29 MP: 1/1
   160 | D:2      | Reached skill level 3 in Maces & Flails
   196 | D:2      | Reached XP level 3. HP: 21/36 MP: 2/2
   252 | D:2      | Acquired Trog's second power
   283 | D:2      | Found a stormy altar of Qazlal.
   504 | D:2      | Found a deep blue altar of Sif Muna.
   637 | D:3      | Killed from afar by an orc priest

Vault maps used:
D:1:      minmay_arrival_four_loops, minmay_unequal
D:2:      nicolae_overflow_crystal_walls, okawaru_trees_1, lemuel_crystal_altar
D:3:      ecumenical_altar_2, first_bread, minmay_vboxes

Action                   || total
-------------------------++-------
Melee: Mace              ||    94
  Eat: Chunk             ||     1
       Pizza             ||     1
